AA
OKLAHOMA CITY 89'ERS @ CAMDEN SAND TIGERS
08/05/2059
 
TOP OF THE 1ST
Oklahoma City 89'ers batting - Pitching for Camden Sand Tigers : RHP Hazen Reyes
Pitching: RHP Hazen Reyes
Batting: LHB Neal McDonald 0-0: Foul Ball, location: 2F
0-1: Foul Ball, location: 2F
0-2: Ball
1-2: SINGLE (Line Drive, 9S, EV 105.6 MPH)
Batting: RHB Roger D'Andrea 0-0: Ball
1-0: Ball
Neal McDonald steals 2nd base (no throw)
2-0: SINGLE (Groundball, 56D, EV 104.4 MPH)
Neal McDonald to third
Runner from 3rd tries for Home, SAFE, throw by LF to home
Roger D'Andrea to second
Batting: LHB Dave Hargrave 0-0: Ball
1-0: Foul Ball, location: 2F
1-1: Ball
2-1: Ball
3-1: Foul Ball, location: 2F
3-2: Foul Ball, location: 2F
3-2: Foul Ball, location: 2F
3-2: Base on Balls
Batting: RHB Quinn Holloway 0-0: Ball
1-0: Swinging Strike
1-1: Foul Ball, location: 2F
1-2: Ball
2-2: Strikes out swinging
Batting: LHB Adrien Davis 0-0: Called Strike
0-1: Ball
1-1: Called Strike
1-2: Foul Ball, location: 2F
1-2: SINGLE (Groundball, 3S, EV 61.9 MPH) (infield hit)
Roger D'Andrea to third
Dave Hargrave to second
Batting: LHB Alvan Goldsmith 0-0: Called Strike
0-1: Foul Ball, location: 2F
0-2: Foul Ball, location: 2F
0-2: Strikes out swinging
Batting: LHB Ozzie Young 0-0: Fly out, F9 (Flyball, 9, EV 94.4 MPH)
Top of the 1st over - 1 run, 3 hits, 0 errors, 3 left on base; Oklahoma City 1 - Camden 0
BOTTOM OF THE 1ST
Camden Sand Tigers batting - Pitching for Oklahoma City 89'ers : RHP Dan Huckeba
Pitching: RHP Dan Huckeba
Batting: SHB Jared Manning 0-0: Foul Ball, location: 2F
0-1: Called Strike
0-2: Reached on error, E3 (Groundball, 34S, EV 83.8 MPH)
Batting: RHB Justyn Wylie 0-0: Swinging Strike
0-1: Called Strike
0-2: Strikes out swinging
Batting: SHB Evan Doyon 0-0: Ball
1-0: Fly out, F8 (Flyball, 78S, EV 88.1 MPH)
Batting: RHB Arel Dennis 0-0: Foul Ball, location: 2F
0-1: Foul Ball, location: 2F
0-2: Ball
1-2: Strikes out swinging
Bottom of the 1st over - 0 runs, 0 hits, 1 error, 1 left on base; Oklahoma City 1 - Camden 0
TOP OF THE 2ND
Oklahoma City 89'ers batting - Pitching for Camden Sand Tigers : RHP Hazen Reyes
Batting: LHB Eaton Duda 0-0: Ball
1-0: Swinging Strike
1-1: Ball
2-1: Ground out 5-3 (Groundball, 56S, EV 83.1 MPH)
Batting: RHB Uriel Guadagnino 0-0: Ball
1-0: Ball
2-0: Foul Ball, location: 2F
2-1: Ground out 6-3 (Groundball, 6, EV 93.1 MPH)
Batting: LHB Neal McDonald 0-0: Fly out, F9 (Line Drive, 9, EV 91.2 MPH)
Top of the 2nd over - 0 runs, 0 hits, 0 errors, 0 left on base; Oklahoma City 1 - Camden 0
BOTTOM OF THE 2ND
Camden Sand Tigers batting - Pitching for Oklahoma City 89'ers : RHP Dan Huckeba
Batting: LHB Cody Griggs 0-0: Ball
1-0: Ground out 6-3 (Groundball, 6, EV 87.5 MPH)
Batting: RHB Joey King 0-0: Ball
1-0: Called Strike
1-1: Swinging Strike
1-2: Strikes out swinging
Batting: RHB Al Schaut 0-0: Ball
1-0: Foul Ball, location: 2F
1-1: Ball
2-1: Ball
3-1: Ground out 5-3 (Groundball, 56, EV 98.8 MPH)
Bottom of the 2nd over - 0 runs, 0 hits, 0 errors, 0 left on base; Oklahoma City 1 - Camden 0
TOP OF THE 3RD
Oklahoma City 89'ers batting - Pitching for Camden Sand Tigers : RHP Hazen Reyes
Batting: RHB Roger D'Andrea 0-0: Ball
1-0: Fly out, F8 (Flyball, 8RM, EV 79.4 MPH)
Batting: LHB Dave Hargrave 0-0: Fly out, F8 (Flyball, 8RD, EV 84.4 MPH)
Batting: RHB Quinn Holloway 0-0: Ball
1-0: Swinging Strike
1-1: Ball
2-1: Ball
3-1: Swinging Strike
3-2: Foul Ball, location: 2F
3-2: Strikes out swinging
Top of the 3rd over - 0 runs, 0 hits, 0 errors, 0 left on base; Oklahoma City 1 - Camden 0
BOTTOM OF THE 3RD
Camden Sand Tigers batting - Pitching for Oklahoma City 89'ers : RHP Dan Huckeba
Batting: RHB Alfred Nader 0-0: Swinging Strike
0-1: Fly out, F4 (Popup, 34, EV 67.5 MPH)
Batting: RHB Sylvester Krantz 0-0: Called Strike
0-1: Ball
1-1: Ball
2-1: Ball
3-1: DOUBLE (Line Drive, 89D, EV 100.0 MPH)
Batting: SHB Jared Manning 0-0: Foul Ball, location: 2F
0-1: Ball
1-1: Ball
2-1: Foul Ball, location: 2F
2-2: Ball
3-2: Foul Ball, location: 2F
3-2: Base on Balls
Batting: RHB Justyn Wylie 0-0: Ball
1-0: Ball
2-0: Foul Ball, location: 2F
2-1: Foul Ball, location: 2F
2-2: Ball
3-2: Foul Ball, location: 2F
3-2: Foul Ball, location: 2F
3-2: Fly out, F8 (Flyball, 8LD, EV 96.2 MPH)
Runner from 2nd tags up, OUT at 3rd! 8-5
Bottom of the 3rd over - 0 runs, 1 hit, 0 errors, 1 left on base; Oklahoma City 1 - Camden 0
TOP OF THE 4TH
Oklahoma City 89'ers batting - Pitching for Camden Sand Tigers : RHP Hazen Reyes
Batting: LHB Adrien Davis 0-0: Ball
1-0: SINGLE (Groundball, 34D, EV 98.8 MPH)
Batting: LHB Alvan Goldsmith 0-0: Ball
1-0: Called Strike
1-1: Ball
2-1: 2-RUN HOME RUN (Flyball, 9D, EV 96.9 MPH), Distance : 368 ft
Batting: LHB Ozzie Young 0-0: Called Strike
0-1: Ball
1-1: Called Strike
1-2: Ball
2-2: Ball
3-2: Ground out 6-3 (Groundball, 6M, EV 104.4 MPH)
Batting: LHB Eaton Duda 0-0: Called Strike
0-1: Foul Ball, location: 2F
0-2: Ball
1-2: Strikes out swinging
Batting: RHB Uriel Guadagnino 0-0: Ball
1-0: Called Strike
1-1: Ball
2-1: Foul Ball, location: 2F
2-2: Ground out 5-3 (Groundball, 56S, EV 83.8 MPH)
Top of the 4th over - 2 runs, 2 hits, 0 errors, 0 left on base; Oklahoma City 3 - Camden 0
BOTTOM OF THE 4TH
Camden Sand Tigers batting - Pitching for Oklahoma City 89'ers : RHP Dan Huckeba
Batting: SHB Evan Doyon 0-0: Ball
1-0: Ball
2-0: Called Strike
2-1: Ball
3-1: Foul Ball, location: 2F
3-2: Ground out U3 (Groundball, 3, EV 102.5 MPH)
Batting: RHB Arel Dennis 0-0: Ball
1-0: Foul Ball, location: 2F
1-1: DOUBLE (Line Drive, 78D, EV 100.0 MPH)
Batting: LHB Cody Griggs 0-0: Swinging Strike
0-1: Foul Ball, location: 2F
0-2: Strikes out swinging
Batting: RHB Joey King 0-0: Ball
1-0: Swinging Strike
1-1: Ground out 4-3 (Groundball, 4, EV 100.0 MPH)
Bottom of the 4th over - 0 runs, 1 hit, 0 errors, 1 left on base; Oklahoma City 3 - Camden 0
TOP OF THE 5TH
Oklahoma City 89'ers batting - Pitching for Camden Sand Tigers : RHP Hazen Reyes
Pitching: LHP Travis Kastelic
Batting: LHB Neal McDonald 0-0: Foul Ball, location: 2F
0-1: Foul Ball, location: 2F
0-2: Strikes out swinging
Batting: RHB Roger D'Andrea 0-0: Swinging Strike
0-1: Called Strike
0-2: Foul Ball, location: 2F
0-2: Fly out, F9 (Flyball, 89M, EV 85.6 MPH)
Batting: LHB Dave Hargrave 0-0: Called Strike
0-1: Ball
1-1: Ball
2-1: Swinging Strike
2-2: Strikes out looking
Top of the 5th over - 0 runs, 0 hits, 0 errors, 0 left on base; Oklahoma City 3 - Camden 0
BOTTOM OF THE 5TH
Camden Sand Tigers batting - Pitching for Oklahoma City 89'ers : RHP Dan Huckeba
Batting: RHB Al Schaut 0-0: Ball
1-0: Ball
2-0: Ball
3-0: Called Strike
3-1: Foul Ball, location: 2F
3-2: Strikes out swinging
Batting: RHB Alfred Nader 0-0: SINGLE (Line Drive, 4M, EV 104.4 MPH)
Batting: RHB Sylvester Krantz 0-0: Ball
Alfred Nader steals 2nd base
1-0: Ball
2-0: Ball
3-0: Called Strike
3-1: Base on Balls
Batting: SHB Jared Manning 0-0: Ball
1-0: Ball
2-0: Ball
3-0: Called Strike
3-1: Fly out, F7 (Flyball, 7D, EV 76.2 MPH)
Runner from 2nd tags up, SAFE at 3rd, no throw by LF
Batting: RHB Justyn Wylie 0-0: Ball
1-0: Ball
2-0: Called Strike
2-1: Ground out 6-3 (Groundball, 6S, EV 68.8 MPH)
Bottom of the 5th over - 0 runs, 1 hit, 0 errors, 2 left on base; Oklahoma City 3 - Camden 0
TOP OF THE 6TH
Oklahoma City 89'ers batting - Pitching for Camden Sand Tigers : LHP Travis Kastelic
Batting: RHB Quinn Holloway 0-0: Ball
1-0: Called Strike
1-1: Ball
2-1: Ball
3-1: Base on Balls
Batting: LHB Adrien Davis Pickoff Throw to First - Out! 1-3 CS
0-0: Called Strike
0-1: Ground out 2-3 (Groundball, 2L, EV 71.2 MPH)
Batting: LHB Alvan Goldsmith 0-0: Ball
1-0: Foul Ball, location: 2F
1-1: Swinging Strike
1-2: Foul Ball, location: 2F
1-2: Ball
2-2: Foul Ball, location: 2F
2-2: Foul Ball, location: 2F
2-2: Ball
3-2: Fly out, F8 (Flyball, 8LD, EV 79.4 MPH)
Top of the 6th over - 0 runs, 0 hits, 0 errors, 0 left on base; Oklahoma City 3 - Camden 0
BOTTOM OF THE 6TH
Camden Sand Tigers batting - Pitching for Oklahoma City 89'ers : RHP Dan Huckeba
Batting: SHB Evan Doyon 0-0: Ball
1-0: SINGLE (Line Drive, 78S, EV 90.0 MPH)
Batting: RHB Arel Dennis 0-0: Called Strike
0-1: Swinging Strike
0-2: Foul Ball, location: 2F
0-2: SINGLE (Line Drive, 7LS, EV 112.5 MPH)
Evan Doyon to second
Batting: LHB Cody Griggs 0-0: Ball
1-0: Foul Ball, location: 2F
1-1: SINGLE (Line Drive, 7S, EV 105.0 MPH)
Evan Doyon to third
Arel Dennis to second
Batting: RHB Joey King 0-0: Fly out, F7 (Flyball, 7, EV 96.2 MPH)
Runner from 3rd tags up, SCORES, no throw by LF
Batting: RHB Al Schaut 0-0: Called Strike
0-1: Foul Ball, location: 2F
0-2: Ball
1-2: DOUBLE (Flyball, 8RXD, EV 94.4 MPH)
Arel Dennis scores
Cody Griggs to third
Batting: RHB Alfred Nader 0-0: Foul Ball, location: 2F
0-1: Called Strike
0-2: Foul Ball, location: 2F
0-2: Ball
1-2: Ball
2-2: Ball
3-2: Foul Ball, location: 2F
3-2: Strikes out looking
Batting: RHB Sylvester Krantz 0-0: Called Strike
0-1: Fly out, F8 (Flyball, 8RD, EV 90.0 MPH)
Bottom of the 6th over - 2 runs, 4 hits, 0 errors, 2 left on base; Oklahoma City 3 - Camden 2
TOP OF THE 7TH
Oklahoma City 89'ers batting - Pitching for Camden Sand Tigers : LHP Travis Kastelic
Batting: LHB Ozzie Young 0-0: Ball
1-0: Foul Ball, location: 2F
1-1: Swinging Strike
1-2: Strikes out swinging
Batting: LHB Eaton Duda 0-0: Ball
1-0: Fly out, F7 (Flyball, 78S, EV 81.9 MPH)
Batting: RHB Uriel Guadagnino 0-0: Ball
1-0: Ball
2-0: Swinging Strike
2-1: Foul Ball, location: 2F
2-2: Strikes out swinging
Top of the 7th over - 0 runs, 0 hits, 0 errors, 0 left on base; Oklahoma City 3 - Camden 2
BOTTOM OF THE 7TH
Camden Sand Tigers batting - Pitching for Oklahoma City 89'ers : RHP Dan Huckeba
Pitching: RHP Lucas Gustafson
Batting: SHB Jared Manning 0-0: Called Strike
0-1: SINGLE (Line Drive, 6MD, EV 98.8 MPH)
Batting: RHB Justyn Wylie 0-0: Called Strike
0-1: Ball
1-1: Ball
2-1: Foul Ball, location: 2F
2-2: Ball
3-2: Foul Ball, location: 2F
3-2: Strikes out swinging
Jared Manning steals 2nd base
Batter strikes out.
Batting: SHB Evan Doyon 0-0: Called Strike
0-1: Ball
Wild Pitch!
Jared Manning to third
1-1: Ball
2-1: Foul Ball, location: 2F
2-2: Foul Ball, location: 2F
2-2: Foul Ball, location: 2F
2-2: Ball
3-2: Foul Ball, location: 2F
3-2: Strikes out looking
Batting: RHB Arel Dennis 0-0: Ball
1-0: Called Strike
1-1: Called Strike
1-2: Ball
2-2: Foul Ball, location: 2F
2-2: Ball
3-2: SINGLE (Line Drive, 7LS, EV 105.6 MPH)
Jared Manning scores
Pitching: RHP Jonathan Fortunato
Batting: LHB Cody Griggs 0-0: Ball
1-0: Foul Ball, location: 2F
1-1: Fly out, F7 (Flyball, 78M, EV 95.6 MPH)
Bottom of the 7th over - 1 run, 2 hits, 0 errors, 1 left on base; Oklahoma City 3 - Camden 3
TOP OF THE 8TH
Oklahoma City 89'ers batting - Pitching for Camden Sand Tigers : LHP Travis Kastelic
Batting: RHB Logan Michalski 0-0: Swinging Strike
0-1: Ball
1-1: Foul Ball, location: 2F
1-2: Foul Ball, location: 2F
1-2: SINGLE (Groundball, 25, EV 63.1 MPH) (infield hit)
Batting: RHB Roger D'Andrea 0-0: Ball
1-0: Ball
2-0: Foul Ball, location: 2F
2-1: Foul Ball, location: 2F
2-2: Ball
3-2: Strikes out swinging
Pitching: RHP Micheal Powers
Batting: LHB Dave Hargrave 0-0: Ball
1-0: SINGLE (Groundball, 4D, EV 100.0 MPH)
Logan Michalski to second
Pinch Runner at 2nd Wes Silvers:
Batting: RHB Quinn Holloway 0-0: Called Strike
0-1: Fly out, F4 (Popup, 34S, EV 90.6 MPH)
Batting: LHB Adrien Davis 0-0: Foul Ball, location: 2F
0-1: Called Strike
0-2: Fly out, F8 (Flyball, 8RM, EV 93.1 MPH)
Top of the 8th over - 0 runs, 2 hits, 0 errors, 2 left on base; Oklahoma City 3 - Camden 3
BOTTOM OF THE 8TH
Camden Sand Tigers batting - Pitching for Oklahoma City 89'ers : RHP Jonathan Fortunato
Batting: RHB Joey King 0-0: Fly out, F9 (Line Drive, 89M, EV 98.1 MPH)
Batting: RHB Al Schaut 0-0: Called Strike
0-1: Ball
1-1: SINGLE (Flyball, 3D, EV 86.2 MPH)
Batting: RHB Alfred Nader 0-0: Bunted foul
0-1: Sac Bunt to 15 - play at first, batter OUT! 1-4
Al Schaut to second
Batting: RHB Sylvester Krantz 0-0: Swinging Strike
0-1: Called Strike
0-2: Strikes out swinging
Bottom of the 8th over - 0 runs, 1 hit, 0 errors, 1 left on base; Oklahoma City 3 - Camden 3
TOP OF THE 9TH
Oklahoma City 89'ers batting - Pitching for Camden Sand Tigers : RHP Micheal Powers
Pitching: RHP Shadell Williams
Batting: LHB Alvan Goldsmith 0-0: Ball
1-0: Called Strike
1-1: Ball
2-1: Called Strike
2-2: Foul Ball, location: 2F
2-2: Strikes out swinging
Batting: LHB Ozzie Young 0-0: SINGLE (Groundball, 34S, EV 70.6 MPH) (infield hit)
Batting: LHB Eaton Duda 0-0: Called Strike
0-1: Reached on error, E1 (Groundball, 15S, EV 66.9 MPH)
Ozzie Young to second
Batting: RHB Uriel Guadagnino 0-0: Called Strike
Ozzie Young is caught stealing 3rd base 2-5
0-1: Swinging Strike
0-2: Strikes out swinging
Top of the 9th over - 0 runs, 1 hit, 1 error, 1 left on base; Oklahoma City 3 - Camden 3
BOTTOM OF THE 9TH
Camden Sand Tigers batting - Pitching for Oklahoma City 89'ers : RHP Jonathan Fortunato
Pitching: RHP Kameron Oliver
Batting: SHB Jared Manning 0-0: Called Strike
0-1: Ball
1-1: DOUBLE (Flyball, 89D, EV 102.5 MPH)
Batting: RHB Justyn Wylie 0-0: Called Strike
0-1: Swinging Strike
0-2: Ball
1-2: Ball
2-2: Fly out, F9 (Flyball, 9LM, EV 90.6 MPH)
Batting: SHB Evan Doyon 0-0: Called Strike
0-1: Called Strike
0-2: Ball
1-2: Ball
2-2: Foul Ball, location: 2F
2-2: Ground out 1-3 (Groundball, P, EV 67.5 MPH)
Jared Manning to third
Batting: RHB Arel Dennis 0-0: Ball
1-0: Ground out 5-3 (Groundball, 5, EV 80.0 MPH)
Bottom of the 9th over - 0 runs, 1 hit, 0 errors, 1 left on base; Oklahoma City 3 - Camden 3
TOP OF THE 10TH
Oklahoma City 89'ers batting - Pitching for Camden Sand Tigers : RHP Shadell Williams
Batting: RHB Wes Silvers 0-0: Ball
1-0: Ground out U3 (Groundball, 3, EV 81.2 MPH)
Batting: RHB Roger D'Andrea 0-0: Ball
1-0: SINGLE (Groundball, 4MD, EV 104.4 MPH)
Batting: LHB Dave Hargrave 0-0: Ball
1-0: Ball
Roger D'Andrea is caught stealing 2nd base 2-6
2-0: Ball
3-0: Called Strike
3-1: Ground out 4-3 (Groundball, 4S, EV 88.1 MPH)
Top of the 10th over - 0 runs, 1 hit, 0 errors, 0 left on base; Oklahoma City 3 - Camden 3
BOTTOM OF THE 10TH
Camden Sand Tigers batting - Pitching for Oklahoma City 89'ers : RHP Kameron Oliver
Batting: LHB Cody Griggs 0-0: Swinging Strike
0-1: SINGLE (Groundball, 4MD, EV 95.0 MPH)
Batting: RHB Joey King 0-0: Called Strike
0-1: Bunted foul
0-2: Ball
1-2: Ball
2-2: Fielders Choice at 2nd, 1-6 (Groundball, 13, EV 65.6 MPH)
Batting: RHB Al Schaut 0-0: Called Strike
0-1: Ball
1-1: Called Strike
1-2: Foul Ball, location: 2F
1-2: Strikes out looking
Pinch Hitting: LHB Aden Lloyd 0-0: Ball
1-0: Foul Ball, location: 2F
1-1: Ball
2-1: Ball
Joey King steals 2nd base
3-1: Intentional Walk
Batting: RHB Sylvester Krantz 0-0: Called Strike
0-1: Ball
1-1: Reached on error, E4 (Groundball, 4, EV 83.8 MPH)
Joey King to third
Aden Lloyd to second
Batting: SHB Jared Manning 0-0: Foul Ball, location: 2F
0-1: Ball
1-1: Ball
Wild Pitch!
Joey King scores
Bottom of the 10th over - 1 run, 1 hit, 1 error, 2 left on base; Oklahoma City 3 - Camden 4
Thursday, March 21st , 2024 - OOTP Baseball 23.10 Build 110